 Dungeon Crawl Stone Soup version 0.25-a0-842-g81a31cfd23 (webtiles) character file.

Game seed: 16055128415733599667, levelgen mode: deterministic

14 Maedhros the Shield-Bearer (level 2, -2/21 HPs)
             Began as an Octopode Fighter on Apr 24, 2020.
             Slain by a kobold (3 damage)
             ... on level 1 of the Dungeon.
             The game lasted 00:00:19 (381 turns).

Maedhros the Shield-Bearer (Octopode Fighter)        Turns: 381, Time: 00:00:20

Health: -2/21      AC:  1    Str: 15    XL:     2   Next: 41%
Magic:  2/2        EV: 11    Int: 10    God:
Gold:   26         SH:  8    Dex: 11    Spells: 1/1 levels left

rFire    . . .     SeeInvis .   a - +0 trident
rCold    . . .     Gourm    .   b - +0 kite shield
rNeg     . . .     Faith    .   (helmet restricted)
rPois    .         Spirit   .   (no amulet)
rElec    .         Reflect  .   (no ring)
rCorr    .         Harm     .   (no ring)
MR       .....                  (no ring)
Stlth    ++........             (no ring)
HPRegen  0.07/turn              (no ring)
MPRegen  0.08/turn              (no ring)
                                (no ring)
                                (no ring)

@: hasted, very quick
A: almost no armour, stealthy swim, amphibious, 8 rings, constrict 8, camouflage
1, gelatinous body 1
a: no special abilities


You were on level 1 of the Dungeon.
You were not hungry.

You visited 1 branch of the dungeon, and saw 1 of its levels.

You collected 26 gold pieces.

Inventory:

Hand Weapons
 a - a +0 trident (weapon)
Armour
 b - a +0 kite shield (worn)
Potions
 c - a potion of might
 e - a potion of haste
Comestibles
 d - 3 rations


   Skills:
 - Level 3.0 Fighting
 + Level 2.5 Polearms
 - Level 3.0 Dodging
 + Level 3.4 Shields


You had one spell level left.
You didn't know any spells.
Your spell library was empty.

Dungeon Overview and Level Annotations

Branches:
Dungeon (1/15)

Altars:


Innate Abilities, Weirdness & Mutations

You cannot wear most types of armour.
You are very stealthy in the water. (Stealth+)
You are amphibious.
You can wear up to eight rings at the same time.
You can use your tentacles to constrict eight enemies at once.
Your skin changes colour to match your surroundings (Stealth+).
Your rubbery body absorbs attacks. (AC +1, EV +1)


Message History

Attack whom?
Press: ? - help, Dir - move target cursor, f/p - bat
Aim: a bat You reach to attack!
You closely miss the bat. The bat closely misses you. The kobold hits you.
* * * LOW HITPOINT WARNING * * *
Attack whom?
Press: ? - help, Dir - move target cursor, f/p - bat
Aim: a bat You reach to attack!
You closely miss the bat. You block the bat's attack.
The kobold barely misses you. You block the kobold's attack.
Attack whom?
Press: ? - help, Dir - move target cursor, f/p - bat
Aim: a bat You reach to attack!
You hit the bat.
The bat is moderately wounded.
The bat closely misses you. The kobold closely misses you.
Unknown command.
It was a potion of haste.
You feel yourself speed up. The kobold hits you.
You die...

.....#
#..###.#.#........#.
#.#..# #......#.#.#...####
#.#..# #.....##.#.##.##
†.#..# #.###......# .#
###..# #.#$#...#### .# #
#..# #.##.##..## +##
###..# #...#.#...##...##
.....# ###..##.##.......#
###### #......#@#........
#########.#....##K####....
................b#).[# ...
####.####.#......#..(# ..
.# #.# #.##.#...#..?# .
.###.# #.###..##.####
.....# #......# #. .#####
###..##.# .# ... #.


You could see a kobold.

Vanquished Creatures
  3 giant cockroaches (D:1)
  2 goblins (D:1)
  A hobgoblin (D:1)
  2 bats (D:1)
  3 kobolds (D:1)
  4 rats (D:1)
15 creatures vanquished.

Notes
Turn   | Place    | Note
-------+----------+-------------------------------------------
     0 | D:1      | Maedhros the Octopode Fighter began the quest for the Orb.
     0 | D:1      | Reached XP level 1. HP: 16/16 MP: 1/1
   285 | D:1      | Reached XP level 2. HP: 21/21 MP: 2/2
   377 | D:1      | HP: 1/21 [kobold (1)]
   381 | D:1      | Slain by a kobold

Levels and vault maps discovered:
D:1:      dpeg_arrival_simpleton_b, layout_loops_corners, minmay_vboxes

Action                   || total
-------------------------++-------
Melee: Trident           ||    32
       Constrict         ||     6
       Tentacles         ||     4
  Use: Potion            ||     1
 Stab: Sleeping          ||     4
Armor: Skin              ||     5
Dodge: Dodged            ||    18
Block: Kite shield       ||    11

Table legend:
 A = Non-vault XP
 B = Vault XP
 C = Vault XP percentage of total XP
 D = Non-vault monster count
 E = Vault monster count
 F = Vault count percentage of total count
                 A         B        C        D         E       F
            +---------+---------+-------+---------+---------+-------
      Total |      14 |       6 |  30.0 |       9 |       6 |  40.0
            +---------+---------+-------+---------+---------+-------
        D:1 |      14 |       6 |  30.0 |       9 |       6 |  40.0
            +---------+---------+-------+---------+---------+-------
